AoeStats
← Lünsiger Aeros.

Oasis

508056220Analyzed
4v4 RM · 11d ago on Sep 20, 2026· 65m 18s· 8 players
Game mode
Random Map
Map size
Large (8 player)
Population
200
Speed
Normal
Resources
Standard
Victory
Conquest
Starting age
Dark Age
Ending age
Imperial Age
RankedLock teamsTeams togetherTeam positionsShared explorationLock speedFull tech treeHidden civsTurbo modeCheats
Victory
Defeat
🇹🇷 Saracens · Türkiye
996
+15
🇫🇷 Lithuanians · France
970
+17
🇫🇷 Poles · France
969
+17
🇫🇷 Bulgarians · France
936
+17
🇹🇷 Franks · Türkiye
1018
-18
🇩🇪 Turks · Germany
998
-17
🇨🇳 Spanish · China
989
-17
🇺🇾 Mongols · Uruguay
923
-14
Bloups3000
3:37 Loom
10:43 Feudal Age
13:48 Bloodlines
14:01 Bloodlines
14:33 Double-Bit Axe
17:02 Forging
21:42 Castle Age
19:35 Gold Mining
20:20 Scale Barding Armor
21:35 Stone Mining
21:33 Horse Collar
23:05 Husbandry
23:49 Wheelbarrow
23:49 Town Watch
25:22 Stone Shaft Mining
26:52 Hand Cart
27:45 Heavy Plow
28:00 Herbal Medicine
28:16 Redemption
31:00 Chain Barding Armor
34:16 Ballistics
38:02 Imperial Age
36:16 Iron Casting
35:33 Fletching
36:13 Scale Mail Armor
36:57 Bow Saw
36:47 Bodkin Arrow
37:03 Squires
37:21 Chain Mail Armor
37:38 Town Patrol
38:06 Fervor
39:27 Conscription
39:45 Hoardings
38:42 Cavalier
42:04 Blast Furnace
40:40 Elite Obuch
41:47 Block Printing
47:55 Lechitic Legacy
47:41 Szlachta Privileges
60:20 Caravan
61:55 Plate Mail Armor
61:13 Arson
66:03 Sanctity
66:19 Theocracy
Boba Fett
12:20 Feudal Age
12:49 Double-Bit Axe
12:45 Horse Collar
13:35 Loom
19:31 Arson
23:18 Scale Mail Armor
23:28 Forging
25:08 Wheelbarrow
24:18 Town Watch
24:26 Gold Mining
24:27 Stone Mining
26:10 Scale Barding Armor
26:19 Bloodlines
31:29 Castle Age
32:41 Heavy Plow
32:52 Caravan
33:08 Bow Saw
34:11 Gold Shaft Mining
34:28 Iron Casting
33:57 Husbandry
33:18 Light Cavalry
35:01 Stone Shaft Mining
35:54 Coinage
35:56 Hand Cart
35:51 Town Patrol
36:43 Chain Mail Armor
36:48 Chain Barding Armor
37:40 Padded Archer Armor
37:30 Fletching
37:50 Gambesons
38:06 Squires
37:27 Pikeman
41:05 Ballistics
41:46 Stirrups
45:10 Imperial Age
43:10 Masonry
42:56 Murder Holes
44:30 Devotion
46:44 Crop Rotation
47:22 Blast Furnace
46:54 Plate Mail Armor
46:59 Plate Barding Armor
46:56 Conscription
47:25 Banking
46:40 Elite Konnik
LeCissé
7:03 Loom
10:28 Feudal Age
11:30 Double-Bit Axe
13:35 Wheelbarrow
15:16 Horse Collar
16:07 Bloodlines
20:57 Castle Age
21:56 Gold Mining
23:05 Scale Barding Armor
23:11 Forging
27:49 Hand Cart
33:04 Imperial Age
33:01 Bow Saw
33:00 Heavy Plow
33:52 Cavalier
36:33 Chain Barding Armor
40:45 Two-Man Saw
40:07 Husbandry
41:13 Plate Barding Armor
41:16 Iron Casting
41:46 Crop Rotation
42:26 Caravan
42:58 Paladin
44:04 Scale Mail Armor
45:09 Chain Mail Armor
44:50 Man-at-Arms
45:31 Squires
45:16 Arson
46:39 Long Swordsman
48:05 Conscription
50:38 Two-Handed Swordsman
52:49 Stone Mining
52:31 Light Cavalry
53:14 Champion
Soldier
0:31 Loom
12:14 Feudal Age
14:20 Wheelbarrow
13:26 Horse Collar
13:35 Double-Bit Axe
18:10 Stone Mining
21:35 Castle Age
22:41 Hand Cart
23:07 Bow Saw
23:02 Heavy Plow
27:17 Gold Mining
29:02 Light Cavalry
29:53 Bloodlines
29:43 Husbandry
33:23 Caravan
36:23 Imperial Age
36:49 Gold Shaft Mining
36:48 Forging
36:29 Fletching
36:39 Padded Archer Armor
37:27 Conscription
38:25 Chemistry
38:44 Two-Man Saw
38:28 Iron Casting
37:49 Bodkin Arrow
38:09 Leather Archer Armor
39:09 Counterweights
39:45 Heavy Camel Rider
40:21 Onager
41:39 Elite Mameluke
42:43 Hussar
44:53 Blast Furnace
43:54 Bracer
57:31 Scale Mail Armor
57:36 Scale Barding Armor
57:43 Bracer
58:13 Ring Archer Armor
62:58 Chain Mail Armor
63:13 Ring Archer Armor
63:03 Chain Barding Armor
Lünsiger Aeros.
2:01 Loom
10:45 Feudal Age
11:38 Double-Bit Axe
13:00 Wheelbarrow
12:09 Horse Collar
18:39 Castle Age
35:26 Bow Saw
36:53 Forging
36:43 Scale Mail Armor
36:58 Bloodlines
37:36 Caravan
39:38 Iron Casting
39:19 Chain Mail Armor
39:47 Wheelbarrow
44:59 Imperial Age
44:46 Scale Barding Armor
44:32 Fletching
45:46 Cavalier
46:44 Heavy Camel Rider
49:44 Blast Furnace
49:08 Chain Barding Armor
50:40 Plate Mail Armor
50:45 Plate Barding Armor
50:17 Padded Archer Armor
51:15 Bodkin Arrow
52:58 Conscription
REPLICANT
11:34 Feudal Age
13:07 Double-Bit Axe
20:07 Castle Age
21:00 Scale Barding Armor
21:05 Forging
21:20 Husbandry
22:23 Bow Saw
25:46 Wheelbarrow
25:06 Gold Mining
25:07 Stone Mining
26:11 Iron Casting
26:59 Chain Barding Armor
28:00 Coinage
29:06 Gold Shaft Mining
33:20 Imperial Age
34:17 Hand Cart
34:43 Plate Barding Armor
36:08 Blast Furnace
35:51 Town Watch
36:40 Banking
36:14 Caravan
35:47 Cavalier
37:39 Conscription
39:33 Chemistry
38:29 Murder Holes
38:58 Ballistics
39:02 Masonry
38:56 Paladin
52:05 Chivalry
armestojona
2:16 Loom
10:12 Feudal Age
11:08 Double-Bit Axe
11:42 Horse Collar
13:03 Man-at-Arms
15:26 Wheelbarrow
23:54 Castle Age
24:16 Crossbowman
25:02 Thumb Ring
25:43 Husbandry
27:29 Bow Saw
28:51 Hand Cart
28:54 Fletching
32:00 Bodkin Arrow
32:05 Padded Archer Armor
32:20 Bloodlines
33:35 Stone Mining
36:20 Fortified Wall
36:34 Ballistics
36:11 Murder Holes
40:56 Imperial Age
39:15 Leather Archer Armor
39:24 Town Watch
44:15 Imperial Age
44:17 Gold Mining
44:38 Elite Mangudai
45:41 Conscription
46:15 Hoardings
47:15 Chemistry
51:07 Bracer
51:40 Parthian Tactics
51:28 Siege Engineers
林北大帝
11:09 Feudal Age
15:19 Castle Age
15:07 Double-Bit Axe
17:08 Horse Collar
17:26 Loom
17:34 Stone Mining
19:56 Wheelbarrow
22:33 Gold Mining
24:42 Fletching
24:53 Padded Archer Armor
25:11 Husbandry
26:19 Bodkin Arrow
27:27 Scale Barding Armor
27:37 Leather Archer Armor
28:32 Ballistics
28:33 Heavy Plow
29:15 Chain Barding Armor
30:03 Bloodlines
33:14 Imperial Age
32:32 Hand Cart
32:59 Forging
33:29 Bow Saw
33:31 Murder Holes
33:47 Masonry
33:37 Cavalier
34:41 Conscription
35:24 Two-Man Saw
35:41 Town Watch
36:14 Bracer
36:51 Plate Barding Armor
36:52 Iron Casting
37:33 Stone Shaft Mining
38:51 Ring Archer Armor
38:35 Fortified Wall
38:10 Arrowslits
39:26 Chemistry
38:55 Guilds
38:12 Paladin
40:03 Guilds
39:36 Light Cavalry
43:18 Blast Furnace
42:52 Architecture
42:53 Bombard Tower
42:01 Elite Conquistador
46:21 Hoardings
49:48 Caravan
53:40 Hussar
Connection lost

Rejoining the realm…

Still unreachable

The connection could not be restored.

Session expired

The server has moved on; the page needs a fresh start.